3A
COLUMBIA RIVER RATS @ GRIM REAPERS
09/04/2038
 
TOP OF THE 1ST
Columbia River Rats batting - Pitching for Grim Reapers : RHP Alberto López
Pitching: RHP Alberto López
Batting: LHB Ji-e Loh 0-0: Called Strike
0-1: Foul Ball, location: 2F
0-2: Fly out, F9 (Flyball, 9LS, EV 80.6 MPH)
Batting: RHB Lane Ruffin 0-0: Called Strike
0-1: Foul Ball, location: 2F
0-2: Ball
1-2: Strikes out swinging
Batting: SHB Dean Barthorpe 0-0: Ball
1-0: Ball
2-0: Ball
3-0: Called Strike
3-1: Fly out, F9 (Flyball, 89S, EV 90.6 MPH)
Top of the 1st over - 0 runs, 0 hits, 0 errors, 0 left on base; Columbia 0 - Grim 0
BOTTOM OF THE 1ST
Grim Reapers batting - Pitching for Columbia River Rats : LHP Raúl Díaz
Pitching: LHP Raúl Díaz
Batting: SHB Leonard Davis 0-0: Ball
1-0: SINGLE (Groundball, 6M, EV 96.2 MPH)
Batting: RHB Cristo Mercado 0-0: Called Strike
0-1: Foul Ball, location: 2F
0-2: Ball
1-2: SINGLE (Groundball, 4D, EV 100.0 MPH)
Leonard Davis to second
Runner from 2nd tries for 3rd, SAFE, throw by RF made to third
Batting: RHB Hayes Rutherford 0-0: Ball
Wild Pitch!
Leonard Davis scores
Cristo Mercado to second
1-0: Foul Ball, location: 2F
1-1: Swinging Strike
1-2: Ball
2-2: Foul Ball, location: 2F
2-2: Foul Ball, location: 2F
2-2: Foul Ball, location: 2F
2-2: Ball
3-2: Foul Ball, location: 2F
3-2: Base on Balls
Batting: RHB Lonnie Doble 0-0: Swinging Strike
0-1: Ball
1-1: Ball
2-1: Ball
3-1: Swinging Strike
3-2: Foul Ball, location: 2F
3-2: Strikes out swinging
Batting: SHB Fernando Urby 0-0: 3-RUN HOME RUN (Flyball, 78XD, EV 97.5 MPH), Distance : 416 ft
Batting: RHB Adrián Sánchez 0-0: Called Strike
0-1: Ball
1-1: Foul Ball, location: 2F
1-2: Ball
2-2: SINGLE (Groundball, 4MD, EV 101.9 MPH)
Batting: RHB Alfred Coleman 0-0: Ball
1-0: Swinging Strike
1-1: Ball
2-1: Grounds into double play, 6-4-3 (Groundball, 6, EV 80.6 MPH)
Bottom of the 1st over - 4 runs, 4 hits, 0 errors, 0 left on base; Columbia 0 - Grim 4
TOP OF THE 2ND
Columbia River Rats batting - Pitching for Grim Reapers : RHP Alberto López
Batting: LHB Frank Morris 0-0: SINGLE (Groundball, 13S, EV 72.5 MPH) (infield hit)
Batting: RHB John Alexander 0-0: Called Strike
0-1: Foul Ball, location: 2F
0-2: Ball
1-2: Strikes out looking
Batting: RHB Pu-feng Zhou 0-0: Ball
1-0: Ball
2-0: Swinging Strike
2-1: Foul Ball, location: 2F
2-2: Foul Ball, location: 2F
2-2: Foul Ball, location: 2F
2-2: Strikes out swinging
Batting: RHB Cédric Causse 0-0: Ball
1-0: Swinging Strike
1-1: SINGLE (Line Drive, 8RS, EV 101.9 MPH)
Frank Morris to second
Batting: LHB Seb Considine 0-0: Fly out, F8 (Flyball, 8RD, EV 103.8 MPH)
Top of the 2nd over - 0 runs, 2 hits, 0 errors, 2 left on base; Columbia 0 - Grim 4
BOTTOM OF THE 2ND
Grim Reapers batting - Pitching for Columbia River Rats : LHP Raúl Díaz
Batting: RHB Chi-eun Mun 0-0: Ball
1-0: Called Strike
1-1: Ball
2-1: Ball
3-1: Called Strike
3-2: Foul Ball, location: 2F
3-2: Strikes out swinging
Batting: LHB Lorenzo Ortíz 0-0: Ball
1-0: Foul Ball, location: 2F
1-1: SINGLE (Groundball, 34D, EV 100.0 MPH)
Batting: SHB Leonard Davis 0-0: SINGLE (Line Drive, 34D, EV 106.2 MPH)
Lorenzo Ortíz to second
Batting: RHB Cristo Mercado 0-0: Ball
1-0: Foul Ball, location: 2F
1-1: Ball
2-1: Foul Ball, location: 2F
2-2: Ball
3-2: Foul Ball, location: 2F
3-2: SINGLE (Line Drive, 5D, EV 105.0 MPH)
Lorenzo Ortíz to third
Leonard Davis to second
Batting: RHB Hayes Rutherford 0-0: Foul Ball, location: 2F
0-1: Foul Ball, location: 2F
0-2: Strikes out swinging
Batting: RHB Lonnie Doble 0-0: Swinging Strike
0-1: Called Strike
0-2: Foul Ball, location: 2F
0-2: Fly out, F8 (Flyball, 78S, EV 88.1 MPH)
Bottom of the 2nd over - 0 runs, 3 hits, 0 errors, 3 left on base; Columbia 0 - Grim 4
TOP OF THE 3RD
Columbia River Rats batting - Pitching for Grim Reapers : RHP Alberto López
Batting: LHB Min-ho Yun 0-0: Ball
1-0: Ball
2-0: Called Strike
2-1: Ball
3-1: Foul Ball, location: 2F
3-2: Foul Ball, location: 2F
3-2: Fly out, F5 (Popup, 5SF, EV 70.6 MPH)
Batting: LHB Ji-e Loh 0-0: Ball
1-0: Swinging Strike
1-1: Ball
2-1: Called Strike
2-2: Strikes out swinging
Batting: RHB Lane Ruffin 0-0: Ball
1-0: Foul Ball, location: 2F
1-1: Ball
2-1: Fly out, F8 (Line Drive, 8RM, EV 91.2 MPH)
Top of the 3rd over - 0 runs, 0 hits, 0 errors, 0 left on base; Columbia 0 - Grim 4
BOTTOM OF THE 3RD
Grim Reapers batting - Pitching for Columbia River Rats : LHP Raúl Díaz
Batting: SHB Fernando Urby 0-0: Ball
1-0: Swinging Strike
1-1: Ball
2-1: Called Strike
2-2: Ball
3-2: Base on Balls
Batting: RHB Adrián Sánchez 0-0: Ball
1-0: Ball
2-0: Ball
3-0: Base on Balls
Fernando Urby to second
Batting: RHB Alfred Coleman 0-0: Ball
1-0: Ball
2-0: Grounds into double play, 6-4-3 (Groundball, 6, EV 97.5 MPH)
Fernando Urby to third
Batting: RHB Chi-eun Mun 0-0: SINGLE (Groundball, 6MD, EV 98.1 MPH)
Fernando Urby scores
Batting: LHB Lorenzo Ortíz 0-0: Swinging Strike
0-1: Ball
1-1: SINGLE (Groundball, 4D, EV 94.4 MPH)
Chi-eun Mun to second
Runner from 2nd tries for 3rd, SAFE, throw by CF made to third
Batting: SHB Leonard Davis 0-0: Ball
1-0: Called Strike
1-1: Ball
2-1: Swinging Strike
2-2: Foul Ball, location: 2F
2-2: Ball
3-2: Base on Balls
Lorenzo Ortíz to second
Batting: RHB Cristo Mercado 0-0: Hit by Pitch
Chi-eun Mun scores
Lorenzo Ortíz to third
Leonard Davis to second
Pitching: RHP Hyosuke Matsui
Batting: RHB Hayes Rutherford 0-0: Foul Ball, location: 2F
0-1: Ball
1-1: SINGLE (Line Drive, 6M, EV 96.2 MPH)
Lorenzo Ortíz scores
Leonard Davis to third
Cristo Mercado to second
Runner from 3rd tries for Home, SAFE, throw by CF to home
Batting: RHB Lonnie Doble 0-0: Called Strike
0-1: Ball
1-1: Called Strike
1-2: Foul Ball, location: 2F
1-2: Ball
2-2: Foul Ball, location: 2F
2-2: Foul Ball, location: 2F
2-2: Ball
3-2: Ground out 5-3 (Groundball, 56S, EV 85.0 MPH)
Bottom of the 3rd over - 4 runs, 3 hits, 0 errors, 2 left on base; Columbia 0 - Grim 8
TOP OF THE 4TH
Columbia River Rats batting - Pitching for Grim Reapers : RHP Alberto López
Batting: SHB Dean Barthorpe 0-0: Ball
1-0: Ball
2-0: Foul Ball, location: 2F
2-1: Called Strike
2-2: Foul Ball, location: 2F
2-2: Foul Ball, location: 2F
2-2: Ground out 4-3 (Groundball, 34, EV 81.2 MPH)
Batting: LHB Frank Morris 0-0: Ball
1-0: Called Strike
1-1: Foul Ball, location: 2F
1-2: Foul Ball, location: 2F
1-2: Ball
2-2: Ground out 6-3 (Groundball, 6MD, EV 103.8 MPH)
Batting: RHB John Alexander 0-0: Ball
1-0: Ball
2-0: Foul Ball, location: 2F
2-1: Ball
3-1: Base on Balls
Batting: RHB Pu-feng Zhou 0-0: Called Strike
0-1: Ball
1-1: Ball
2-1: SINGLE (Line Drive, 8LS, EV 86.9 MPH)
John Alexander to second
Batting: RHB Cédric Causse 0-0: Fly out, F8 (Flyball, 8RM, EV 83.8 MPH)
Top of the 4th over - 0 runs, 1 hit, 0 errors, 2 left on base; Columbia 0 - Grim 8
BOTTOM OF THE 4TH
Grim Reapers batting - Pitching for Columbia River Rats : RHP Hyosuke Matsui
Batting: SHB Fernando Urby 0-0: Ball
1-0: Foul Ball, location: 2F
1-1: Foul Ball, location: 2F
1-2: Foul Ball, location: 2F
1-2: Ground out 6-3 (Groundball, 6, EV 90.6 MPH)
Batting: RHB Adrián Sánchez 0-0: Foul Ball, location: 2F
0-1: SINGLE (Line Drive, 6MD, EV 99.4 MPH)
Batting: RHB Alfred Coleman 0-0: DOUBLE (Flyball, 89D, EV 109.4 MPH)
Adrián Sánchez to third
Adrián Sánchez scores
Batting: RHB Chi-eun Mun 0-0: Called Strike
0-1: Ground out 6-3 (Groundball, 6, EV 85.0 MPH)
Batting: LHB Lorenzo Ortíz 0-0: Ball
1-0: Foul Ball, location: 2F
1-1: Foul Ball, location: 2F
1-2: Strikes out swinging
Bottom of the 4th over - 1 run, 2 hits, 0 errors, 1 left on base; Columbia 0 - Grim 9
TOP OF THE 5TH
Columbia River Rats batting - Pitching for Grim Reapers : RHP Alberto López
Batting: LHB Seb Considine 0-0: Ball
1-0: Called Strike
1-1: Foul Ball, location: 2F
1-2: Fly out, F8 (Flyball, 8RM, EV 88.8 MPH)
Batting: LHB Min-ho Yun 0-0: Foul Ball, location: 2F
0-1: Ball
1-1: Foul Ball, location: 2F
1-2: Ball
2-2: Ball
3-2: Foul Ball, location: 2F
3-2: SINGLE (Groundball, 56S, EV 73.8 MPH) (infield hit)
Batting: LHB Ji-e Loh 0-0: Ball
1-0: Called Strike
1-1: Foul Ball, location: 2F
1-2: Ball
2-2: Foul Ball, location: 2F
2-2: Ball
3-2: Fly out, F8 (Flyball, 8RD, EV 94.4 MPH)
Batting: RHB Lane Ruffin 0-0: Called Strike
0-1: Ball
1-1: Ball
2-1: Ball
3-1: Foul Ball, location: 2F
3-2: Strikes out swinging
Top of the 5th over - 0 runs, 1 hit, 0 errors, 1 left on base; Columbia 0 - Grim 9
BOTTOM OF THE 5TH
Grim Reapers batting - Pitching for Columbia River Rats : RHP Hyosuke Matsui
Batting: SHB Leonard Davis 0-0: Swinging Strike
0-1: Ball
1-1: Foul Ball, location: 2F
1-2: Strikes out swinging
Batting: RHB Cristo Mercado 0-0: Called Strike
0-1: Ground out 5-3 (Groundball, 56S, EV 83.1 MPH)
Batting: RHB Hayes Rutherford 0-0: Ball
1-0: Ball
2-0: Ball
3-0: Called Strike
3-1: Base on Balls
Batting: RHB Lonnie Doble 0-0: Ground out 5-3 (Groundball, 56S, EV 66.9 MPH)
Bottom of the 5th over - 0 runs, 0 hits, 0 errors, 1 left on base; Columbia 0 - Grim 9
TOP OF THE 6TH
Columbia River Rats batting - Pitching for Grim Reapers : RHP Alberto López
Pitching: RHP Jyotibhasin Kodi
Batting: SHB Dean Barthorpe 0-0: Fly out, F7 (Flyball, 7S, EV 88.8 MPH)
Batting: LHB Frank Morris 0-0: Foul Ball, location: 2F
0-1: Ground out 3-1 (Groundball, 34, EV 89.4 MPH)
Batting: RHB John Alexander 0-0: Called Strike
0-1: Ground out 6-3 (Groundball, 6, EV 78.8 MPH)
Top of the 6th over - 0 runs, 0 hits, 0 errors, 0 left on base; Columbia 0 - Grim 9
BOTTOM OF THE 6TH
Grim Reapers batting - Pitching for Columbia River Rats : RHP Hyosuke Matsui
Batting: SHB Fernando Urby 0-0: Called Strike
0-1: Ball
1-1: Foul Ball, location: 2F
1-2: Ball
2-2: Ball
3-2: Hit by Pitch
Batting: RHB Adrián Sánchez 0-0: Ball
1-0: Called Strike
1-1: Ball
2-1: Swinging Strike
2-2: Ball
3-2: Reached on error, E4 (Popup, 4MS, EV 74.4 MPH)
Fernando Urby to second
Batting: RHB Alfred Coleman 0-0: Swinging Strike
0-1: Ball
1-1: Called Strike
1-2: Strikes out swinging
Batting: RHB Chi-eun Mun 0-0: Fielders Choice at 2nd, 5-4 (Groundball, 5, EV 89.4 MPH)
Fernando Urby to third
Batting: LHB Lorenzo Ortíz 0-0: Fielders Choice at 2nd, 6-4 (Groundball, 6, EV 83.1 MPH)
Bottom of the 6th over - 0 runs, 0 hits, 1 error, 2 left on base; Columbia 0 - Grim 9
TOP OF THE 7TH
Columbia River Rats batting - Pitching for Grim Reapers : RHP Jyotibhasin Kodi
Batting: RHB Pu-feng Zhou 0-0: Swinging Strike
0-1: Foul Ball, location: 2F
0-2: Ball
1-2: Ball
2-2: Strikes out swinging, 2-3 out at first.
Batting: RHB Cédric Causse 0-0: SINGLE (Groundball, 56, EV 100.0 MPH) (infield hit)
Batting: LHB Seb Considine 0-0: Ball
1-0: Foul Ball, location: 2F
1-1: Ball
2-1: Foul Ball, location: 2F
2-2: Ball
3-2: Strikes out looking
Batting: LHB Min-ho Yun 0-0: Ball
1-0: Ball
2-0: Ground out 1-3 (Groundball, 13, EV 88.8 MPH)
Top of the 7th over - 0 runs, 1 hit, 0 errors, 1 left on base; Columbia 0 - Grim 9
BOTTOM OF THE 7TH
Grim Reapers batting - Pitching for Columbia River Rats : RHP Hyosuke Matsui
Batting: SHB Leonard Davis 0-0: Foul Ball, location: 2F
0-1: SINGLE (Groundball, 4MD, EV 97.5 MPH)
Batting: RHB Cristo Mercado 0-0: Called Strike
0-1: Reached on error, E5 (Groundball, 56, EV 106.2 MPH)
Leonard Davis to second
Batting: RHB Hayes Rutherford 0-0: Ball
1-0: Called Strike
1-1: Swinging Strike
1-2: Ball
2-2: Fly out, F9 (Flyball, 9, EV 89.4 MPH)
Pitching: RHP António Morales
Batting: RHB Lonnie Doble 0-0: Called Strike
0-1: Ball
1-1: Foul Ball, location: 2F
1-2: Fielders Choice at 2nd, 6-4 (Groundball, 6S, EV 85.6 MPH)
Leonard Davis to third
Batting: SHB Fernando Urby 0-0: Ball
1-0: Ball
2-0: Foul Ball, location: 2F
2-1: Foul Ball, location: 2F
2-2: Fly out, F7 (Flyball, 78S, EV 87.5 MPH)
Bottom of the 7th over - 0 runs, 1 hit, 1 error, 2 left on base; Columbia 0 - Grim 9
TOP OF THE 8TH
Columbia River Rats batting - Pitching for Grim Reapers : RHP Jyotibhasin Kodi
Batting: LHB Ji-e Loh 0-0: SINGLE (Groundball, 13, EV 75.0 MPH) (infield hit)
Batting: RHB Lane Ruffin 0-0: Called Strike
0-1: Ball
1-1: Ball
2-1: Ball
3-1: Swinging Strike
3-2: Strikes out swinging
Batting: SHB Dean Barthorpe 0-0: Ball
1-0: Ball
2-0: Foul Ball, location: 2F
2-1: Swinging Strike
2-2: Ball
3-2: Base on Balls
Ji-e Loh to second
Pitching: RHP Marty Beard
Batting: LHB Frank Morris 0-0: Ball
1-0: Ball
2-0: Ball
3-0: Called Strike
3-1: Fly out, F7 (Flyball, 7, EV 87.5 MPH)
Batting: RHB John Alexander 0-0: Ball
1-0: Swinging Strike
1-1: Ball
2-1: Called Strike
2-2: Fielders Choice at 2nd, 5-4 (Groundball, 56, EV 102.5 MPH)
Top of the 8th over - 0 runs, 1 hit, 0 errors, 2 left on base; Columbia 0 - Grim 9
BOTTOM OF THE 8TH
Grim Reapers batting - Pitching for Columbia River Rats : RHP António Morales
Batting: RHB Adrián Sánchez 0-0: Ball
1-0: Fly out, F8 (Flyball, 8RM, EV 80.6 MPH)
Batting: RHB Alfred Coleman 0-0: Ball
1-0: Ground out 6-3 (Groundball, 6, EV 106.2 MPH)
Batting: RHB Chi-eun Mun 0-0: Called Strike
0-1: Called Strike
0-2: Strikes out swinging
Bottom of the 8th over - 0 runs, 0 hits, 0 errors, 0 left on base; Columbia 0 - Grim 9
TOP OF THE 9TH
Columbia River Rats batting - Pitching for Grim Reapers : RHP Marty Beard
Batting: RHB Pu-feng Zhou 0-0: Ball
1-0: Swinging Strike
1-1: Ball
2-1: Ball
3-1: Foul Ball, location: 2F
3-2: Base on Balls
Batting: RHB Cédric Causse 0-0: Ball
1-0: Ball
2-0: DOUBLE (Line Drive, 7LS, EV 115.6 MPH)
Pu-feng Zhou to third
Batting: LHB Seb Considine 0-0: Called Strike
0-1: DOUBLE (Flyball, 8LXD, EV 105.6 MPH)
Pu-feng Zhou scores
Cédric Causse scores
Pinch Runner at 2nd Phillam Torralba:
Batting: LHB Min-ho Yun 0-0: Ball
1-0: Fly out, F8 (Flyball, 8LM, EV 88.8 MPH)
Batting: LHB Ji-e Loh 0-0: Called Strike
0-1: Foul Ball, location: 2F
0-2: Ball
1-2: Ground out U3 (Groundball, 34, EV 93.8 MPH)
Phillam Torralba to third
Batting: RHB Lane Ruffin 0-0: Foul Ball, location: 2F
0-1: Fly out, F8 (Flyball, 8RM, EV 91.2 MPH)
Top of the 9th over - 2 runs, 2 hits, 0 errors, 1 left on base; Columbia 2 - Grim 9
Friday, April 17th, 2020 - OOTP Baseball 20.8 Build 74